 Dungeon Crawl Stone Soup version 0.23.0 (webtiles) character file.

Game seed: 6652826666476610931

229619 Monsterracer the Imperceptible (level 17, -7/91 HPs)
             Began as a Spriggan Enchanter on Feb 18, 2019.
             Was the Champion of Dithmenos.
             Splashed by a yellow draconian's acid (13 damage)
             ... on level 1 of the Realm of Zot.
             The game lasted 01:55:49 (43479 turns).

Monsterracer the Imperceptible (SpEn)              Turns: 43479, Time: 01:55:50

Health: -7/91      AC:  6    Str:  4    XL:     17   Next: 78%
Magic:  14/32      EV: 28    Int: 22    God:    Dithmenos [******]
Gold:   540        SH:  0    Dex: 18    Spells: 4/31 levels left

rFire    + + .     SeeInvis +   a - +9 rapier (drain)
rCold    . . .     Gourm    .   (shield restricted)
rNeg     + . .     Faith    +   S - +2 robe {Archmagi}
rPois    +         Spirit   .   G - +2 hat {MR+}
rElec    +         Reflect  .   R - +2 cloak {rPois}
rCorr    .         Harm     .   (gloves unavailable)
MR       +++..                  (boots unavailable)
Stlth    +++++.....             L - amulet of faith
HPRegen  0.25/turn              J - ring "Juempol" {rElec rPois rF+ rN+}
MPRegen  0.23/turn              F - ring of protection from fire

@: corroded, very slightly contaminated, wreathed by umbra, heavily drained,
very quick
A: very small, unfitting armour, rugged brown scales 1, see invisible,
herbivore, speed 3, high mp 1, slow metabolism 2, evolution 1, sturdy frame 1
0: Orb of Zot
}: 3/15 runes: decaying, serpentine, abyssal
a: Shadow Step, Shadow Form, Renounce Religion


You were on level 1 of the Realm of Zot.
You worshipped Dithmenos.
Dithmenos was exalted by your worship.
You were not hungry.

You visited 8 branches of the dungeon, and saw 42 of its levels.
You visited the Abyss 1 time.
You also visited: Sewer.

You collected 3125 gold pieces.
You spent 2585 gold pieces at shops.

Inventory:

Hand Weapons
 a - a +9 rapier of draining (weapon)
 w - the +3 rapier "Wajyxt" {freeze, +Inv Int+6 SInv}
   (You found it on level 3 of the Lair of Beasts)

   It has been specially enchanted to freeze those struck by it, causing extra
   injury to most foes and up to half again as much damage against particularly
   susceptible opponents.
   It can also slow down cold-blooded creatures.
   It affects your intelligence (+6).
   It lets you see invisible.
   It lets you turn invisible.
Missiles
 y - 2 throwing nets (quivered) {!f}
Armour
 G - a +2 hat of magic resistance (worn)
 R - a +2 cloak of poison resistance (worn)
 S - a +2 robe of the Archmagi (worn)
Magical Staves
 b - an uncursed staff of energy {!a}
Jewellery
 e - a +3 ring of strength
 F - a ring of protection from fire (right hand)
 J - the ring "Juempol" (left hand) {rElec rPois rF+ rN+}
   (You found it on level 13 of the Dungeon)

   [ring of poison resistance]

   It protects you from fire.
   It insulates you from electricity.
   It protects you from poison.
   It protects you from negative energy.
 L - an amulet of faith (around neck)
Wands
 u - a wand of acid (16)
 x - a wand of iceblast (5)
 C - a wand of digging (11)
 E - a wand of polymorph (13)
 I - a wand of disintegration (10)
 N - a wand of paralysis (16)
 O - a wand of clouds (3)
 Q - a wand of flame (26)
 Z - a wand of enslavement (7)
Scrolls
 f - 6 scrolls of identify
 l - 3 scrolls of enchant armour
 n - 2 scrolls of fog
 o - 8 scrolls of amnesia
 p - 2 scrolls of enchant weapon
 r - 13 scrolls of remove curse
 t - 8 scrolls of teleportation {!r}
 B - 2 scrolls of noise
 M - a scroll of holy word
 T - 4 scrolls of fear {!r}
 W - 2 scrolls of vulnerability
Potions
 g - 3 potions of agility
 h - a potion of haste
 i - a potion of flight
 j - a potion of might
 q - 15 potions of curing
 s - 3 potions of invisibility
 v - 3 potions of magic
 z - 2 potions of brilliance
 A - 8 potions of cancellation
 D - 8 potions of lignification
 K - 2 potions of ambrosia {!q}
 V - a potion of berserk rage {!q}
Miscellaneous
 k - a phial of floods
 H - a fan of gales
Comestibles
 c - 27 rations


   Skills:
 - Level 10.0(8.1) Fighting
 - Level 14.0(11.8) Short Blades
 - Level 14.0(11.8) Dodging
 * Level 23.8(21.2) Stealth
 - Level 7.7(5.9) Spellcasting
 - Level 12.0(9.9) Hexes
 - Level 2.3(0.8) Summonings
 - Level 5.4(3.7) Translocations
 - Level 13.5(11.4) Invocations
 - Level 10.5(8.5) Evocations


You had 4 spell levels left.
You knew the following spells:

 Your Spells              Type           Power        Failure   Level  Hunger
a - Dazzling Spray        Conj/Hex       #####.       3%          3    #......
b - Ensorcelled Hibernat  Hex/Ice        #####.       1%          2    None
c - Confuse               Hex            ######..     1%          3    #......
d - Tukima's Dance        Hex            ######..     1%          3    #......
e - Blink                 Tloc           N/A          3%          2    None
f - Confusing Touch       Hex            ######       1%          1    None
g - Invisibility          Hex            ######..     24%         6    ######.
j - Regeneration          Chrm/Necr      #.........   28%         3    #......
v - Summon Butterflies    Summ           ###.....     7%          1    None
x - Passwall              Tmut/Erth      #.......     14%         2    None
z - Apportation           Tloc           ####..       1%          1    None

Your spell library contained the following spells:

 Spells                   Type           Power        Failure   Level  Hunger
 Corona                   Hex            ######.      1%          1    None
 Slow                     Hex            ######..     1%          2    None
 Inner Flame              Hex/Fire       #####...     3%          3    #......
 Summon Guardian Golem    Hex/Summ       #####...     3%          3    #......
 Gell's Gravitas          Tloc           ####......   6%          3    #......
 Lesser Beckoning         Tloc           ####......   6%          3    #......
 Summon Small Mammal      Summ           ###.         7%          1    None
 Animate Skeleton         Necr           N/A          10%         1    None
 Flame Tongue             Conj/Fire      #....        10%         1    None
 Magic Dart               Conj           #...         10%         1    None
 Pain                     Necr           #...         10%         1    None
 Sandblast                Erth           #.....       10%         1    None
 Shock                    Conj/Air       #...         10%         1    None
 Sting                    Conj/Pois      #...         10%         1    None
 Call Imp                 Summ           ###.....     10%         2    None
 Poisonous Vapours        Pois/Air       #.....       14%         2    None
 Swiftness                Chrm/Air       #.......     14%         2    None
 Throw Flame              Conj/Fire      #.....       14%         2    None
 Call Canine Familiar     Summ           ###.....     21%         3    #......
 Conjure Flame            Conj/Fire      #.......     28%         3    #......
 Mephitic Cloud           Conj/Pois/Air  #.......     28%         3    #......
 Static Discharge         Conj/Air       #.......     28%         3    #......
 Stone Arrow              Conj/Erth      #.....       28%         3    #......
 Vampiric Draining        Necr           #.........   28%         3    #......
 Summon Ice Beast         Ice/Summ       ##......     61%         4    ###....
 Summon Lightning Spire   Summ/Air       ##......     61%         4    ###....
 Airstrike                Air            #.........   67%         4    ###....
 Animate Dead             Necr           N/A          67%         4    ###....
 Olgreb's Toxic Radiance  Pois           #.......     67%         4    ###....
 Petrify                  Tmut/Erth      #.......     67%         4    ###....
 Sticky Flame             Conj/Fire      #.......     67%         4    ###....
 Metabolic Englaciation   Hex/Ice        #####.....   32%         5    #####..
 Yara's Violent Unravell  Hex/Tmut       #####.....   32%         5    #####..
 Alistair's Intoxication  Tmut/Pois      #.......     95%         5    #####..
 Fireball                 Conj/Fire      #.........   95%         5    #####..
 Lee's Rapid Deconstruct  Erth           #.........   95%         5    #####..
 Lightning Bolt           Conj/Air       #.........   95%         5    #####..
 Venom Bolt               Conj/Pois      #.........   95%         5    #####..


Dungeon Overview and Level Annotations

Branches:
Dungeon (15/15)            Temple (1/1) D:6            Lair (6/6) D:8
  Swamp (4/4) Lair:4        Snake (4/4) Lair:3        Slime (0/5) Lair:5
    Orc (2/2) D:11            Elf (0/3) Orc:2        Depths (5/5) D:15
    Zot (5/5) Depths:5
 Vaults: D:13-14

Altars:
Ashenzari
Cheibriados
Dithmenos
Elyvilon
Fedhas
Gozag
Hepliaklqana
Kikubaaqudgha
Makhleb
Nemelex Xobeh
Okawaru
Qazlal
Ru
Sif Muna
Trog
Uskayaw
Vehumet
Wu Jian
Xom
Yredelemnul
Zin
The Shining One
Jiyva
Lugonu

Shops:
D:6 :   Orc:1 }   Orc:2 %}%:   Snake:3 *%*(   Depths:2 }(

Portals:
Hell: Depths:5
Abyss: Depths:3 Depths:4
Pandemonium: Depths:3

Annotations:
D:4 2 transporters
D:12 exclusion: ice statue
Swamp:1 Roxanne
Zot:1 exclusion: door


Innate Abilities, Weirdness & Mutations

You are very small and have problems with some larger weapons.
You are too small for most types of armour.
You have supernaturally acute eyesight. (SInv)
You are a herbivore.
You cover ground extremely quickly.
You need to consume almost no food.
You are partially covered in rugged brown scales. (AC +1, +3% HP)
You have an increased reservoir of magic. (+10% MP)
You evolve.
Your movements are slightly less encumbered by armour. (ER -2)


Message History

There is a stone staircase leading up here.
The yellow draconian throws acid at you.
The glob of acid misses you.
The Killer Klown blinks!
You climb upwards.
There is a stone staircase leading down here.
You can drink potions again.
A ynoxinul comes into view.
The ynoxinul moves out of view.
Your transformation is almost over.
The shadow dragon breathes negative energy at you.
The bolt of negative energy misses you.
There is a stone staircase leading up here.
You climb upwards.
The tentacled monstrosity barely misses you.
The tentacled monstrosity tentacle-slaps you but does no damage.
The tentacled monstrosity misses you.
The tentacled monstrosity completely misses you.
The tentacled monstrosity misses you.
The tentacled monstrosity tentacle-slaps you.
The tentacled monstrosity completely misses you. x2
There is a stone staircase leading down here.
The tentacled monstrosity barely misses you.
The tentacled monstrosity tentacle-slaps you but does no damage. x2
The tentacled monstrosity misses you.
Casting: Blink (safe; 3% risk of failure)
Confirm with . or Enter, or press ? or * to list all spells.
You feel a numb sensation.
You miscast Regeneration.
Multicoloured lights dance before your eyes!
You now have 24/32 mp.
Casting: Regeneration (safe; 28% risk of failure)
Confirm with . or Enter, or press ? or * to list all spells.
You feel a numb sensation.
You blink.
You emerge from the shadows.
You now have 22/32 mp.
Evoke which item? (* to show all) (? for menu, Esc to quit)
Okay, then.
Evoke which item? (* to show all) (? for menu, Esc to quit)
Aiming: Iceblast
Press: ? - help, Shift-Dir - straight line
Okay, then.
Evoke which item? (* to show all) (? for menu, Esc to quit)
Aiming: Iceblast
Press: ? - help, Shift-Dir - straight line
Okay, then.
Evoke which item? (* to show all) (? for menu, Esc to quit)
Aiming: Dig
Press: ? - help, Shift-Dir - straight line You can't see that place.
The rock shatters into small pieces.
You start to feel less resistant.
Casting: Blink (safe; 3% risk of failure)
Confirm with . or Enter, or press ? or * to list all spells.
You feel a surge of power!
You miscast Regeneration.
Nothing appears to happen.
Your resistance to elements expires.
You now have 21/32 mp.
Casting: Regeneration (safe; 28% risk of failure)
Confirm with . or Enter, or press ? or * to list all spells.
Okay, then.
Casting: Regeneration (safe; 28% risk of failure)
Confirm with . or Enter, or press ? or * to list all spells.
You feel a surge of power!
You miscast Regeneration.
Waves of light ripple over your body.
A red devil comes into view. It is wielding a +0 trident.
You now have 18/32 mp.
The red devil moves out of view.
There is a stone staircase leading up here.
You climb upwards.
Level annotation: exclusion: door
There is a stone staircase leading down here.
Casting: Regeneration (safe; 28% risk of failure)
Confirm with . or Enter, or press ? or * to list all spells.
You feel a surge of power!
Your skin crawls.
You now have 16/32 mp.
Your skin is crawling a little less now.
Casting: Regeneration (safe; 28% risk of failure)
Confirm with . or Enter, or press ? or * to list all spells.
You feel a surge of power!
You miscast Regeneration.
Your hands glow momentarily.
You now have 15/32 mp.
Your skin stops crawling.
The white draconian shifter roars!
A purple draconian comes into view. It is wielding a +0 trident.
The white draconian shifter mumbles some strange words.
The yellow draconian blinks into view!
The green draconian stormcaller blinks into view!
The purple draconian blinks!
The yellow draconian blinks into view!
The yellow draconian closely misses you.
Casting: Regeneration (safe; 28% risk of failure)
Confirm with . or Enter, or press ? or * to list all spells.
You feel a surge of power!
You blink.
A ghost moth comes into view.
The green draconian stormcaller invokes the aid of Qazlal against you.
Qazlal smites you!
* * * LOW HITPOINT WARNING * * *
The yellow draconian throws acid at you.
The glob of acid hits you.
* * * LOW HITPOINT WARNING * * *
The acid corrodes you!
You are splashed with acid!
You die...

.##.#.......#
.##.#.......#
....#.......#
'####..:....# ########
...(.....#'## #......#
.........#.# #..§...#
.........#q#####.....y
.........#dd...'qy§§..#
.........#.d####@§....#
.........#...# #......#
.........'...# #......#
.........###.# #......#
.........# #.# #......#
.........# #.# ###'####
.........# #.# .#
≈≈...[...# #.# ..
≈≈.......# #.#


You could see 2 draconians, a white draconian shifter, a green draconian
stormcaller, a ghost moth (wandering) and a moth of wrath.

Vanquished Creatures
  A golden dragon (Depths:5)
  An electric golem (Zot:1)
  A tentacled monstrosity (Zot:1)
  3 Orb Guardians (Zot:5)
  A quicksilver dragon (Zot:1)
  3 death cobs
  2 shadow dragons
  Gastronok (D:9)
  A storm dragon (Depths:5)
  2 frost giants
  A fire giant (Depths:3)
  2 draconian knights
  A draconian shifter (Zot:1)
  A draconian scorcher (Zot:1)
  A very ugly thing (D:15)
  2 stone giants
  A green draconian (Zot:1)
  2 entropy weavers
  A vampire knight (Depths:5)
  A deep elf demonologist (Abyss:4)
  2 black draconians
  A white draconian (Zot:1)
  7 spark wasps
  2 yellow draconians (Zot:1)
  A dire elephant (Zot:2)
  Snorg (D:10)
  A green death (Swamp:4)
  Josephine (D:10)
  An ogre mage (D:10)
  A merfolk impaler (Abyss:4)
  2 fire dragons
  An ettin (Depths:5)
  Fannar (Lair:3)
  A yaktaur captain (Depths:4)
  12 hydras
  3 naga warriors
  2 anacondas
  A spriggan air mage (Depths:4)
  A rakshasa (Depths:1)
  4 catoblepae
  9 death yaks (Lair:6)
  Erica (D:8)
  A ghost crab (Swamp:3)
  3 centaur warriors
  16 two-headed ogres
  A queen ant (Lair:5)
  3 alligators
  3 thrashing horrors (Abyss:4)
  4 naga sharpshooters
  4 orc high priests (Orc:2)
  A shock serpent (Snake:4)
  A spriggan (Swamp:1)
  A salamander mystic (Snake:4)
  A naga ritualist (Snake:3)
  A shadow demon (Depths:3)
  A spriggan druid (Swamp:4)
  3 skeletal warriors (D:11)
  5 unseen horrors
  6 swamp dragons
  An orc knight (D:15)
  An orange crystal statue (D:12)
  2 wizards
  2 deep elf magi (D:15)
  A wolf spider zombie (D:15)
  A mana viper (Snake:4)
  7 manticores
  2 orc sorcerers
  6 ugly things
  A salamander (Snake:1)
  2 cyclopes
  12 elephants
  Joseph (D:9)
  7 moths of wrath
  17 black mambas
  Maurice (Orc:1)
  2 centaur zombies (D:15)
  3 naga magi
  A rust devil (Depths:3)
  11 spiny frogs
  2 guardian serpents
  2 gargoyles (D:13)
  An efreet (D:15)
  A kobold demonologist (D:11)
  A redback zombie (D:13)
  3 rime drakes
  A yaktaur (D:15)
  7 komodo dragons
  3 meliai (D:13)
  7 trolls
  2 tengu conjurers
  A polar bear (Lair:6)
  3 hornets
  7 tyrant leeches
  18 slime creatures
  5 blink frogs
  10 hippogriffs
  3 bog bodies
  4 shadows
  2 water elementals (Depths:2)
  6 wraiths
  50 yaks
  5 wyverns
  A human (Zot:2)
  2 hungry ghosts
  2 basilisks (D:8)
  A large abomination (Swamp:4)
  2 chaos spawn (Depths:3)
  A neqoxec (Depths:3)
  9 vampire mosquitoes
  Grum (D:7)
  Edmund (D:4)
  5 swamp worms
  3 wargs
  18 nagas
  A spatial vortex (D:15)
  An acid dragon (D:12)
  7 insubstantial wisps
  A hell hound (Depths:3)
  24 soldier ants (Lair:5)
  11 porcupines
  6 swamp drakes
  Duvessa (D:4)
  6 water moccasins
  5 sky beasts
  2 black bears
  18 orc warriors
  8 phantoms
  11 wolves
  29 ogres
  4 centaurs
  10 big kobolds
  A small abomination (Abyss:4)
  10 crocodiles
  17 bullfrogs
  Dowan (D:4)
  4 gnoll sergeants (D:11)
  6 scorpions
  15 killer bees
  11 wights
  An electric eel (D:10)
  4 howler monkeys
  5 crimson imps
  3 bullfrog zombies
  5 quasits
  25 orc priests
  10 hounds
  8 jellies
  2 centaur skeletons
  24 orc wizards
  3 bullfrog skeletons
  2 iguanas
  35 worker ants
  An ogre zombie (D:10)
  2 hound zombies
  2 hound skeletons (D:8)
  A worker ant zombie (D:6)
  5 gnolls
  16 adders
  A river rat (Sewer)
  3 shadow imps
  An ooze (Lair:5)
  2 adder skeletons
  5 worms
  3 dart slugs
  5 leopard geckos
  73 orcs
  10 giant cockroaches
  5 goblins
  7 hobgoblins
  4 jackals
  27 kobolds
  3 quokkas
  2 ball pythons
  12 bats
  A frilled lizard (shapeshifter) (D:15)
  5 frilled lizards
  A leopard gecko zombie (D:8)
  3 quokka skeletons
  12 rats
  4 butterflies (D:5)
964 creatures vanquished.

Vanquished Creatures (collateral kills)
  A leopard gecko (D:10)
1 creature vanquished.

Vanquished Creatures (others)
  A draconian shifter (Zot:1)
  A vault guard (D:14)
  A bush (D:8)
  7 fungi
  25 plants
35 creatures vanquished.

Grand Total: 1000 creatures vanquished

Notes
Turn   | Place    | Note
-------+----------+-------------------------------------------
     0 | D:1      | Monsterracer the Spriggan Enchanter began the quest for the
                  | Orb.
     0 | D:1      | Reached XP level 1. HP: 9/9 MP: 5/5
    33 | D:1      | Reached skill level 5 in Stealth
   156 | D:1      | Reached XP level 2. HP: 12/13 MP: 6/6
   160 | D:1      | Learned a level 2 spell: Ensorcelled Hibernation
   977 | D:2      | HP: 4/13 [kobold/+0 short sword (6)]
  1000 | D:2      | Reached XP level 3. HP: 6/16 MP: 1/8
  1005 | D:2      | Learned a level 3 spell: Confuse
  1722 | D:2      | HP: 8/16 [kobold/+0 dagger (5)]
  2117 | D:3      | HP: 8/16 [adder (4)]
  2217 | D:3      | Reached XP level 4. HP: 15/21 MP: 4/10
  2258 | D:3      | Learned a level 3 spell: Tukima's Dance
  2359 | D:3      | HP: 10/21 [poisoned by an adder]
  2368 | D:3      | HP: 4/21 [poisoned by an adder]
  2374 | D:3      | HP: 3/21 [poisoned by an adder]
  2381 | D:3      | HP: 3/21 [poisoned by an adder]
  2388 | D:3      | HP: 2/21 [poisoned by an adder]
  2594 | D:3      | Found a glowing drain.
  2664 | Sewer    | Entered a sewer
  2670 | Sewer    | Reached skill level 6 in Stealth
  2807 | Sewer    | Noticed a big kobold
  2945 | Sewer    | Killed a big kobold
  2945 | Sewer    | Reached XP level 5. HP: 24/24 MP: 9/12
  3059 | Sewer    | Found a white marble altar of Elyvilon.
  3899 | D:4      | Found a transporter.
  3919 | D:4      | Noticed an orc warrior
  4088 | D:4      | Noticed Duvessa
  4091 | D:4      | Noticed Dowan
  4137 | D:4      | Killed Duvessa
  4137 | D:4      | Reached skill level 5 in Spellcasting
  4137 | D:4      | Reached XP level 6. HP: 28/28 MP: 6/14
  4201 | D:4      | HP: 13/28 [Dowan/+0 dagger (4)]
  4207 | D:4      | Killed Dowan
  4422 | D:4      | Found a transporter.
  4469 | D:4      | Reached skill level 5 in Hexes
  4688 | D:4      | Noticed Edmund
  4702 | D:4      | Killed Edmund
  4702 | D:4      | Reached skill level 7 in Stealth
  4702 | D:4      | Reached XP level 7. HP: 32/32 MP: 12/16
  4855 | D:4      | Reached skill level 1 in Fighting
  5528 | D:5      | Entered Level 5 of the Dungeon
  5562 | D:5      | Found a snail-covered altar of Cheibriados.
  5621 | D:5      | Reached skill level 5 in Short Blades
  5621 | D:5      | Reached XP level 8. HP: 37/37 MP: 13/18
  5705 | D:5      | HP: 15/37 [phantom (5)]
  5711 | D:5      | HP: 11/37 [phantom (4)]
  5724 | D:5      | Reached skill level 8 in Stealth
  6303 | D:5      | Reached skill level 5 in Dodging
  6614 | D:5      | Found a runed translucent door.
  6785 | D:5      | Found a runed translucent door.
  7060 | D:5      | HP: 19/39 [poisoned by a scorpion]
  7067 | D:5      | HP: 18/39 [poisoned by a scorpion]
  7073 | D:5      | HP: 17/39 [poisoned by a scorpion]
  7078 | D:5      | HP: 17/39 [poisoned by a scorpion]
  7084 | D:5      | HP: 16/39 [poisoned by a scorpion]
  7521 | D:6      | Found a glowing silver altar of Zin.
  7571 | D:6      | Got a bloodstained dagger
  7572 | D:6      | Identified the cursed +3 dagger "Likhlaul" {pierce, +Inv
                  | rC+ Dex-4 Stlth+} (You found it on level 6 of the Dungeon)
  7604 | D:6      | Found Ciemoh's Book Shop.
  7651 | D:6      | Found a staircase to the Ecumenical Temple.
  7684 | D:6      | Reached skill level 9 in Stealth
  7684 | D:6      | Reached XP level 9. HP: 41/43 MP: 20/20
  8492 | D:7      | Found a radiant altar of Vehumet.
  8547 | D:7      | HP: 20/44 [orc priest/divine providence (15)]
  8551 | D:7      | HP: 9/44 [orc/+0 dagger (4)]
  8987 | D:7      | You fall through a shaft for 2 floors!
  9003 | D:8      | Found a bloodstained altar of Trog.
  9003 | D:8      | Found an iron altar of Okawaru.
  9003 | D:8      | Found an ancient bone altar of Kikubaaqudgha.
  9003 | D:8      | Found an ornate altar of the Wu Jian Council.
  9594 | Temple   | Entered the Ecumenical Temple
  9800 | Temple   | Became a worshipper of Dithmenos the Shadowed
  9871 | D:8      | Noticed Grum
  9880 | D:7      | Reached skill level 10 in Stealth
  9916 | D:7      | Reached skill level 1 in Evocations
 10009 | D:8      | Reached skill level 1 in Invocations
 10009 | D:8      | Reached XP level 10. HP: 40/49 MP: 7/22
 10080 | D:8      | Reached * piety under Dithmenos
 10392 | D:8      | Found a staircase to the Lair.
 10800 | D:7      | Killed Grum
 10828 | D:8      | Noticed a two-headed ogre
 10848 | D:8      | Killed a two-headed ogre
 11091 | D:9      | Noticed Erica
 11125 | D:8      | Killed Erica
 11125 | D:8      | Reached skill level 11 in Stealth
 11210 | D:9      | Noticed Joseph
 11234 | D:9      | Killed Joseph
 11234 | D:9      | Reached ** piety under Dithmenos
 11234 | D:9      | Reached XP level 11. HP: 35/53 MP: 12/23
 11431 | D:9      | Noticed Gastronok
 11453 | D:8      | Learned a level 3 spell: Dazzling Spray
 11475 | Lair:1   | Entered Level 1 of the Lair of Beasts
 11495 | Lair:1   | Reached skill level 10 in Short Blades
 11519 | Lair:1   | HP: 25/53 [hippogriff (9)]
 12100 | Lair:1   | Reached skill level 5 in Evocations
 12844 | Lair:2   | Reached *** piety under Dithmenos
 12960 | Lair:2   | Reached skill level 12 in Stealth
 13078 | Lair:2   | Reached skill level 10 in Dodging
 13325 | Lair:2   | Reached skill level 5 in Invocations
 13824 | Lair:3   | Noticed Fannar
 13826 | Lair:3   | Killed Fannar
 13955 | Lair:3   | Reached XP level 12. HP: 58/58 MP: 21/24
 14039 | Lair:3   | HP: 24/58 [guardian serpent (11)]
 14046 | Lair:3   | HP: 23/58 [poisoned by a guardian serpent (bolt of poison)]
 14054 | Lair:3   | HP: 22/58 [poisoned by a guardian serpent (bolt of poison)]
 14365 | Lair:3   | Got a bloodstained rapier
 14367 | Lair:3   | Identified the cursed +3 rapier "Wajyxt" {freeze, +Inv
                  | Int+6 SInv} (You found it on level 3 of the Lair of Beasts)
 14394 | Lair:3   | Found a staircase to the Snake Pit.
 14625 | Lair:3   | Reached **** piety under Dithmenos
 14988 | Lair:4   | Learned a level 1 spell: Confusing Touch
 15020 | Lair:4   | Found a staircase to the Swamp.
 15021 | Lair:4   | Noticed an eight-headed hydra
 15514 | Lair:4   | Killed an eight-headed hydra
 15514 | Lair:4   | Reached skill level 13 in Stealth
 15704 | Lair:4   | Reached skill level 10 in Hexes
 15866 | Lair:5   | Reached skill level 5 in Fighting
 16062 | Lair:5   | Noticed an entropy weaver
 16100 | Lair:5   | Noticed an entropy weaver
 16124 | Lair:4   | HP: 27/60 [entropy weaver (13)]
 16129 | Lair:4   | HP: 20/60 [entropy weaver (8)]
 16291 | Lair:4   | Killed an entropy weaver
 16515 | Lair:5   | Found a runed translucent door.
 16515 | Lair:5   | Found a viscous altar of Jiyva.
 16515 | Lair:5   | Found a staircase to the Slime Pits.
 16521 | Lair:5   | Reached ***** piety under Dithmenos
 16868 | Lair:5   | Noticed a queen ant
 16909 | Lair:5   | Killed a queen ant
 16909 | Lair:5   | Reached skill level 14 in Stealth
 16956 | Lair:5   | HP: 30/60 [poisoned by a soldier ant]
 16961 | Lair:5   | HP: 27/60 [poisoned by a soldier ant]
 16966 | Lair:5   | HP: 25/60 [poisoned by a soldier ant]
 16972 | Lair:5   | HP: 23/60 [poisoned by a soldier ant]
 16980 | Lair:5   | HP: 23/60 [poisoned by a soldier ant]
 16988 | Lair:5   | HP: 23/60 [poisoned by a soldier ant]
 17306 | Lair:5   | Killed an entropy weaver
 17443 | Lair:5   | Reached XP level 13. HP: 64/64 MP: 22/25
 17887 | Lair:6   | Entered Level 6 of the Lair of Beasts
 19144 | Lair:6   | Learned a level 2 spell: Passwall
 19824 | Lair:6   | Reached skill level 15 in Stealth
 20039 | Lair:6   | HP: 23/65 [death yak (25)]
 20160 | Lair:6   | Reached XP level 14. HP: 46/70 MP: 6/26
 20676 | D:6      | Bought a book of Party Tricks for 550 gold pieces
 20676 | D:6      | Bought a book of Minor Magic for 220 gold pieces
 20678 | D:6      | Learned a level 1 spell: Apportation
 20681 | D:6      | Learned a level 2 spell: Blink
 20683 | D:6      | Learned a level 1 spell: Summon Butterflies
 20690 | D:6      | Learned a level 6 spell: Invisibility
 20854 | D:9      | Reached skill level 1 in Translocations
 20950 | D:9      | Killed Gastronok
 21085 | D:9      | Reached ****** piety under Dithmenos
 21344 | D:10     | Entered Level 10 of the Dungeon
 21356 | D:10     | Noticed Josephine
 21567 | D:10     | Noticed Snorg
 21573 | D:10     | Killed Snorg
 21573 | D:10     | Reached skill level 5 in Translocations
 21598 | D:10     | Learned a level 3 spell: Regeneration
 21667 | D:10     | Killed Josephine
 22248 | D:10     | Reached skill level 1 in Summonings
 22408 | D:10     | Got a translucent hand axe
 22551 | D:10     | Reached skill level 10 in Invocations
 22919 | Swamp:1  | Entered Level 1 of the Swamp
 23158 | Swamp:1  | Gained mutation: You tend to lose your temper in combat.
                  | [potion of mutation]
 23158 | Swamp:1  | Gained mutation: You have a pair of small horns on your
                  | head. [potion of mutation]
 23159 | Swamp:1  | Lost mutation: You tend to lose your temper in combat.
                  | [potion of mutation]
 23159 | Swamp:1  | Lost mutation: You have a pair of small horns on your head.
                  | [potion of mutation]
 23159 | Swamp:1  | Gained mutation: You evolve. [potion of mutation]
 23159 | Swamp:1  | Gained mutation: You have sharp toenails. [potion of
                  | mutation]
 23232 | Swamp:1  | Noticed Roxanne
 23347 | Swamp:1  | HP: 36/72 [insubstantial wisp/static electricity (5)]
 23353 | Swamp:1  | HP: 35/72 [insubstantial wisp/static electricity (1)]
 23719 | Swamp:2  | HP: 32/72 [shambling mangrove (14)]
 23757 | Swamp:2  | HP: 31/72 [insubstantial wisp (7)]
 24688 | Swamp:3  | Reached skill level 16 in Stealth
 24717 | Swamp:3  | HP: 32/72 [slime creature (12)]
 24908 | Swamp:4  | Entered Level 4 of the Swamp
 25127 | Swamp:4  | HP: 33/72 [seven-headed hydra[a spriggan druid] (8)]
 25129 | Swamp:3  | HP: 14/72 [seven-headed hydra[a spriggan druid] (11)]
 25142 | Swamp:3  | HP: 8/72 [swamp dragon (8)]
 25203 | Swamp:3  | HP: 13/72 [spiny frog (7)]
 25495 | Swamp:3  | Gained mutation: You are resistant to electric shocks.
                  | (rElec) [evolution]
 25756 | Swamp:4  | Reached XP level 15. HP: 75/75 MP: 24/27
 25795 | Swamp:4  | HP: 33/75 [spriggan druid/stone arrow (32)]
 26166 | Swamp:4  | HP: 38/76 [poisoned by a spiny frog]
 26172 | Swamp:4  | HP: 37/76 [poisoned by a spiny frog]
 26177 | Swamp:4  | HP: 36/76 [poisoned by a spiny frog]
 26184 | Swamp:4  | HP: 35/76 [poisoned by a spiny frog]
 26192 | Swamp:4  | HP: 35/76 [poisoned by a spiny frog]
 26619 | Swamp:4  | Noticed a tentacled monstrosity
 26627 | Swamp:4  | Got a decaying rune of Zot
 26859 | Snake:1  | Entered Level 1 of the Snake Pit
 27474 | Snake:4  | Entered Level 4 of the Snake Pit
 27765 | Snake:4  | Reached skill level 17 in Stealth
 27777 | Snake:4  | Noticed a nagaraja
 27778 | Snake:4  | Noticed a nagaraja
 27785 | Snake:4  | Noticed a nagaraja
 27786 | Snake:4  | Noticed a nagaraja
 27786 | Snake:4  | Noticed a nagaraja
 27787 | Snake:4  | Noticed a nagaraja
 27793 | Snake:4  | HP: 35/77 [naga sharpshooter/bolt (12)]
 27794 | Snake:4  | HP: 17/77 [naga sharpshooter/arrow (11)]
 28162 | Snake:4  | HP: 33/77 [naga sharpshooter/bolt (10)]
 28167 | Snake:3  | HP: 32/77 [poisoned by a naga sharpshooter (splash of
                  | poison)]
 28174 | Snake:3  | HP: 32/77 [poisoned by a naga sharpshooter (splash of
                  | poison)]
 28182 | Snake:3  | HP: 31/77 [poisoned by a naga sharpshooter (splash of
                  | poison)]
 28810 | Snake:3  | Found Bolyesatuf's General Store.
 28816 | Snake:3  | Found Ceal's General Store.
 28816 | Snake:3  | Found Iluaphal's Food Shop.
 28819 | Snake:3  | Found Ytogiwul's Weapon Boutique.
 28876 | Snake:3  | HP: 35/77 [naga sharpshooter/bolt (29)]
 28892 | Snake:3  | HP: 38/77 [poisoned by a naga sharpshooter (splash of
                  | poison)]
 28900 | Snake:3  | HP: 38/77 [poisoned by a naga sharpshooter (splash of
                  | poison)]
 28998 | Snake:3  | Bought a scroll of blinking for 135 gold pieces
 29007 | Snake:3  | Bought an uncursed staff of energy for 400 gold pieces
 29564 | Snake:4  | Noticed a nagaraja
 29596 | Snake:4  | HP: 36/77 [naga sharpshooter/bolt (4)]
 29619 | Snake:4  | Noticed a nagaraja
 29619 | Snake:4  | HP: 37/77 [naga/+0 short sword (1)]
 29620 | Snake:4  | Noticed a nagaraja
 29626 | Snake:4  | HP: 29/77 [mana viper (4)]
 29633 | Snake:4  | HP: 23/77 [guardian serpent (7)]
 29643 | Snake:4  | Got a serpentine rune of Zot
 29644 | Snake:4  | HP: 14/77 [mana viper (7)]
 30537 | D:11     | Found a staircase to the Orcish Mines.
 30656 | D:11     | Gained mutation: You have a pair of small horns on your
                  | head. [evolution]
 30743 | Orc:1    | Entered Level 1 of the Orcish Mines
 31160 | D:11     | HP: 27/77 [skeletal warrior/+0 halberd[a skeletal warrior]
                  | (14)]
 32143 | Orc:2    | Entered Level 2 of the Orcish Mines
 32373 | Orc:2    | HP: 27/77 [orc priest/divine providence (12)]
 32380 | Orc:2    | HP: 17/77 [orc high priest/divine providence (11)]
 32671 | Orc:2    | Reached skill level 18 in Stealth
 33254 | Orc:2    | Found a staircase to the Elven Halls.
 33478 | Orc:1    | Noticed Maurice
 33480 | Orc:1    | Killed Maurice
 33481 | Orc:1    | Found Yremaj's Gadget Boutique.
 33742 | Orc:2    | Found Wochex's Food Shoppe.
 33742 | Orc:2    | Found Foted's Book Emporium.
 33742 | Orc:2    | Found Xiod's Food Emporium.
 33745 | Orc:2    | Found Veclonump's Gadget Shoppe.
 33882 | Orc:2    | Bought a phial of floods for 640 gold pieces
 33882 | Orc:2    | Bought a fan of gales for 640 gold pieces
 34120 | D:6      | Gained mutation: You tend to lose your temper in combat.
                  | [mutagenic glow]
 34154 | D:6      | Gained mutation: You do not regenerate when monsters are
                  | visible. [mutagenic glow]
 34326 | D:6      | Lost mutation: You are resistant to electric shocks.
                  | (rElec) [potion of mutation]
 34326 | D:6      | Lost mutation: You tend to lose your temper in combat.
                  | [potion of mutation]
 34326 | D:6      | Lost mutation: You have sharp toenails. [potion of
                  | mutation]
 34326 | D:6      | Gained mutation: Your muscles are strong. (Str +2) [potion
                  | of mutation]
 34326 | D:6      | Gained mutation: Your movements are slightly less
                  | encumbered by armour. (ER -2) [potion of mutation]
 34326 | D:6      | Gained mutation: Your flesh is cold resistant. (rC+)
                  | [potion of mutation]
 34664 | D:9      | Lost mutation: Your muscles are strong. (Str +2) [mutagenic
                  | glow]
 35034 | D:11     | Gained mutation: You are frail. (-10% HP) [mutagenic glow]
 35067 | D:11     | Gained mutation: You are very frail. (-20% HP) [mutagenic
                  | glow]
 35166 | D:11     | Lost mutation: You evolve. [potion of mutation]
 35166 | D:11     | Lost mutation: You are very frail. (-20% HP) [potion of
                  | mutation]
 35166 | D:11     | Lost mutation: You are frail. (-10% HP) [potion of
                  | mutation]
 35166 | D:11     | Gained mutation: You have an increased reservoir of magic.
                  | (+10% MP) [potion of mutation]
 35166 | D:11     | Gained mutation: You are frail. (-10% HP) [potion of
                  | mutation]
 35166 | D:11     | Gained mutation: You can translocate small distances at
                  | will. [potion of mutation]
 35167 | D:11     | Lost mutation: You are frail. (-10% HP) [potion of
                  | mutation]
 35167 | D:11     | Lost mutation: You can translocate small distances at will.
                  | [potion of mutation]
 35167 | D:11     | Lost mutation: You have a pair of small horns on your head.
                  | [potion of mutation]
 35167 | D:11     | Gained mutation: You are clumsy. (Dex -2) [potion of
                  | mutation]
 35167 | D:11     | Lost mutation: Your flesh is cold resistant. (rC+) [potion
                  | of mutation]
 35167 | D:11     | Gained mutation: You have large cloven feet. [potion of
                  | mutation]
 35719 | D:12     | You fall through a shaft for 3 floors!
 35719 | D:15     | Entered Level 15 of the Dungeon
 35908 | D:15     | Reached XP level 16. HP: 70/82 MP: 28/31
 36000 | D:14     | HP: 16/82 [enormous slime creature (52)]
 36565 | D:13     | Identified the ring "Juempol" {rElec rPois rF+ rN+} (You
                  | found it on level 13 of the Dungeon)
 38010 | D:15     | Reached skill level 19 in Stealth
 38528 | D:15     | Found a staircase to the Depths.
 38569 | D:15     | Gained mutation: You are very clumsy. (Dex -4) [mutagenic
                  | glow]
 38806 | D:15     | Cast into level 4 of the Abyss (a distortion unwield)
 38811 | Abyss:4  | Got an abyssal rune of Zot
 38816 | Abyss:4  | Found a corrupted altar of Lugonu.
 38861 | Abyss:4  | Lost strength.
 38874 | Abyss:4  | HP: 27/84 [wretched star/orb of energy (21)]
 38913 | Abyss:4  | HP: 27/84 [thrashing horror (4)]
 38918 | Abyss:4  | HP: 24/84 [thrashing horror (3)]
 38932 | Abyss:4  | HP: 20/84 [deep elf demonologist/+0 short sword (3)]
 38962 | Abyss:4  | Lost mutation: You are very clumsy. (Dex -4) [potion of
                  | mutation]
 38962 | Abyss:4  | Lost mutation: You do not regenerate when monsters are
                  | visible. [potion of mutation]
 38962 | Abyss:4  | Lost mutation: You have large cloven feet. [potion of
                  | mutation]
 38962 | Abyss:4  | Gained mutation: You evolve. [potion of mutation]
 38966 | Abyss:4  | Noticed an ancient lich
 38986 | Abyss:5  | Entered Level 5 of the Abyss
 39019 | D:15     | Escaped the Abyss
 39441 | Depths:1 | Entered Level 1 of the Depths
 39619 | Depths:1 | Noticed a lich
 40022 | Depths:2 | Found Herrife's Gadget Shoppe.
 40064 | Depths:2 | Gained mutation: You are partially covered in rugged brown
                  | scales. (AC +1, +3% HP) [evolution]
 40120 | Depths:2 | Found Voihowu's Weapon Emporium.
 40264 | Depths:3 | Found a corrupted altar of Lugonu.
 40273 | Depths:3 | Found a one-way gate to the infinite horrors of the Abyss.
 40394 | Depths:4 | HP: 40/86 [tengu reaver/+3 bardiche of flaming (11)]
 40707 | Depths:3 | Found a one-way gate leading to the halls of Pandemonium.
 40764 | Depths:4 | Reached skill level 20 in Stealth
 40814 | Depths:4 | Found a magical portal.
 41153 | Depths:3 | HP: 40/86 [fire giant/fireball (15)]
 41302 | Depths:3 | Noticed a sphinx
 41498 | Depths:5 | Entered Level 5 of the Depths
 41579 | Depths:5 | Found a gateway to Hell.
 41615 | Depths:5 | Found a gate to the Realm of Zot.
 41615 | Depths:5 | Noticed a storm dragon
 41615 | Depths:5 | Noticed a shadow dragon
 41615 | Depths:5 | Noticed a golden dragon
 41617 | Depths:5 | Reached XP level 17. HP: 90/90 MP: 32/32
 41621 | Depths:5 | Killed a golden dragon
 41621 | Depths:5 | Reached skill level 21 in Stealth
 41623 | Depths:5 | Reached skill level 10 in Evocations
 41657 | Zot:1    | Entered Level 1 of the Realm of Zot
 41760 | Zot:1    | Noticed a quicksilver dragon
 42104 | Zot:1    | Reached skill level 10 in Fighting
 42367 | Zot:1    | Lost mutation: You are clumsy. (Dex -2) [evolution]
 42458 | Zot:1    | Noticed an electric golem
 42461 | Zot:1    | Killed an electric golem
 42464 | Zot:1    | Noticed a tentacled monstrosity
 42472 | Zot:1    | Killed a tentacled monstrosity
 42472 | Zot:1    | Reached skill level 22 in Stealth
 42543 | Zot:1    | Killed a quicksilver dragon
 42894 | Zot:2    | Noticed a tentacled monstrosity
 43029 | Zot:2    | Reached skill level 23 in Stealth
 43040 | Zot:2    | Noticed a tentacled monstrosity
 43218 | Zot:3    | Noticed a tentacled monstrosity
 43226 | Zot:4    | Noticed a tentacled monstrosity
 43228 | Zot:4    | Noticed a Killer Klown
 43248 | Zot:5    | Entered Level 5 of the Realm of Zot
 43273 | Zot:5    | Noticed a tentacled monstrosity
 43311 | Zot:5    | Noticed an Orb Guardian
 43311 | Zot:5    | Noticed an Orb Guardian
 43311 | Zot:5    | Noticed an Orb Guardian
 43328 | Zot:5    | Noticed an Orb Guardian
 43328 | Zot:5    | Noticed an Orb Guardian
 43336 | Zot:5    | Killed an Orb Guardian
 43337 | Zot:5    | Killed an Orb Guardian
 43345 | Zot:5    | Noticed an Orb Guardian
 43346 | Zot:5    | Noticed an Orb Guardian
 43347 | Zot:5    | Noticed an Orb Guardian
 43351 | Zot:5    | Noticed an orb of fire
 43352 | Zot:5    | Killed an Orb Guardian
 43354 | Zot:5    | Noticed a Killer Klown
 43355 | Zot:5    | Noticed a Killer Klown
 43356 | Zot:5    | HP: 37/91 [yellow draconian/cursed -2 trident (9)]
 43357 | Zot:5    | Noticed an orb of fire
 43358 | Zot:5    | Noticed a Killer Klown
 43358 | Zot:5    | Noticed a Killer Klown
 43358 | Zot:5    | Noticed an electric golem
 43360 | Zot:5    | Noticed an Orb Guardian
 43361 | Zot:5    | Noticed an Orb Guardian
 43364 | Zot:5    | Noticed an Orb Guardian
 43364 | Zot:5    | Noticed an Orb Guardian
 43364 | Zot:5    | HP: 37/91 [Orb Guardian (16)]
 43365 | Zot:5    | Noticed an Orb Guardian
 43368 | Zot:5    | Got the Orb of Zot
 43368 | Zot:5    | Noticed an Orb Guardian
 43368 | Zot:5    | Noticed an Orb Guardian
 43369 | Zot:5    | Noticed an Orb Guardian
 43369 | Zot:5    | Noticed an Orb Guardian
 43374 | Zot:5    | HP: 34/91 [Killer Klown/klown pie (10)]
 43402 | Zot:4    | HP: 22/91 [Killer Klown/klown pie (15)]
 43402 | Zot:4    | HP: 9/91 [tentacled monstrosity (5)]
 43403 | Zot:4    | HP: 2/91 [Killer Klown/+9 club of flaming (4)]
 43406 | Zot:4    | Noticed a tentacled monstrosity
 43479 | Zot:1    | HP: 11/91 [green draconian stormcaller/divine providence
                  | (13)]
 43479 | Zot:1    | Splashed by a yellow draconian's acid

Skill      XL: |  1  2  3  4  5  6  7  8  9 10 11 12 13 14 15 16 17 |
---------------+----------------------------------------------------+-----
Stealth        | 5 6 7 9 10 11 12 14 15 16 18 20 23 | 23.8
Spellcasting   | 3 4 5 6 7 |  7.7
Hexes          | 4 5 6 7 8 9 10 11 12 | 12.0
Short Blades   | 2 3 5 6 8 9 11 12 14 | 14.0
Fighting       | 1 2 3 4 5 6 7 8 9 10 | 10.0
Dodging        | 4 5 7 8 10 11 12 14 | 14.0
Evocations     | 1 4 6 9 10 | 10.5
Invocations    | 1 3 5 7 9 11 12 13 | 13.5
Translocations | 5 |  5.4
Summonings     | 2 |  2.3

Action                   |  1- 3 |  4- 6 |  7- 9 | 10-12 | 13-15 | 16-18 || total
-------------------------+-------+-------+-------+-------+-------+-------++-------
Melee: Dagger            |   153 |    89 |     7 |       |       |       ||   249
       Short sword       |       |    10 |    19 |       |       |       ||    29
       Rapier            |       |    16 |   301 |   395 |   935 |   469 ||  2116
       Kick              |       |       |       |       |   134 |    46 ||   180
       Headbutt          |       |       |       |       |    27 |       ||    27
 Cast: Corona            |     9 |       |       |       |       |       ||     9
       Ensorcelled Hiber |    23 |    21 |    50 |   185 |   218 |    57 ||   554
       Confuse           |       |     3 |     7 |    13 |    62 |    23 ||   108
       Dazzling Spray    |       |       |       |       |    98 |    20 ||   118
       Tukima's Dance    |       |       |       |       |     5 |       ||     5
       Blink             |       |       |       |       |     3 |     7 ||    10
       Apportation       |       |       |       |       |     2 |     3 ||     5
       Invisibility      |       |       |       |       |     4 |     7 ||    11
       Confusing Touch   |       |       |       |       |     2 |     1 ||     3
       Regeneration      |       |       |       |       |       |     3 ||     3
Invok: Shadow Form       |       |       |       |       |     4 |     1 ||     5
       Shadow Step       |       |       |       |       |     1 |       ||     1
Evoke: Wand              |       |       |       |       |     5 |     5 ||    10
       Phantom mirror    |       |       |       |       |     1 |       ||     1
       Phial of floods   |       |       |       |       |       |     1 ||     1
  Use: Scroll            |    11 |     5 |     5 |     8 |    24 |    14 ||    67
       Potion            |       |       |       |       |     8 |    10 ||    18
 Stab: Sleeping          |    23 |    23 |    49 |   112 |   187 |    96 ||   490
       Confused          |       |     2 |     2 |     7 |    28 |    13 ||    52
       Distracted        |       |       |     4 |     4 |    17 |     4 ||    29
       Invisible         |       |       |       |       |    40 |    30 ||    70
  Eat: Ration            |     1 |     1 |     4 |     3 |     9 |     4 ||    22
Armor: Robe              |    20 |     8 |    19 |    14 |    26 |    25 ||   112
       Swamp dragon scal |       |       |       |       |    43 |       ||    43
Dodge: Dodged            |   124 |   100 |   281 |   269 |   712 |   411 ||  1897

Levels and vault maps discovered:
D:1:      grunt_arrival_crossed_arrows, layout_basic
D:2:      layout_rooms
D:3:      layout_loops_ring, gup_sewer_entry_bubbles, first_ration,
          minmay_misc_feat_tiny
D:4:      gammafunk_wand_slinger, layout_layer_cave, minmay_pentomino_pile,
          uniq_edmund, uniq_duvessa
D:5:      lemuel_insect_pit, layout_layer_cave, kennysheep_mini_moat,
          kennysheep_nondescript
D:6:      layout_loops_ring, marbit_many_paths, minmay_temple_entry_trees,
          serial_shops, nicolae_shop_statue_plus, hex_large
D:7:      layout_basic, old_standard_altar, kennysheep_generic_room_12
D:8:      layout_rooms, chequers_temple_overflow_statue_of_worship,
          minmay_lair_entry_grove, uniq_grum
D:9:      layout_loops_ring, uniq_erica, uniq_gastronok, uniq_joseph
D:10:     lemuel_ogre_cave, layout_rooms, uniq_josephine, uniq_snorg
D:11:     cheibrodos_elevator_heist, layout_small_grid,
          kennysheep_orc_monster_closet_entryway, blue_anna_alchemist
          [blue_anna_fruit_fields, blue_anna_fruit_fields], dk_noncrumbling_4,
          eino_jars
D:12:     minmay_separated_statues, layout_loops_ring, nzn_random_ring,
          uniq_azrael
D:13:     layout_long_grid, minmay_increasing_density
D:14:     layout_long_grid, ximxim_vaults_locker_room, hex_tiny,
          minmay_hidden_floor
D:15:     grunt_enter_depths_snipers, layout_stronghold, minmay_misc_feat_roman
Temple:   regret_index_temple_generic_petals
Lair:1:   layout_gridlike, infiniplex_staircase_pool_2
Lair:2:   layout_loops_ring, minmay_stone_trees_small
Lair:3:   layout_loops_ring, minmay_snake_entry_spellcaster, uniq_fannar
Lair:4:   layout_regular_city, minmay_swamp_entry_reptiles
Lair:5:   layout_hall_layers, slime_altar_2, small_statue_intersection,
          zaba_anthell, grunt_megastairs_3
Lair:6:   evilmike_catoblepas_cave, layout_regular_city, serial_bayou_shore_b,
          serial_bayou_shore_b, serial_bayou_shore_b
Swamp:1:  layout_falls_marsh, ebering_ghost_reflecting_pool, serial_swamp_ruin,
          evilmike_swamp_ruin_house_1, evilmike_swamp_ruin_wall,
          evilmike_swamp_ruin_house_2, uniq_roxanne
Swamp:2:  layout_falls_marsh, nicolae_swamp_triple_paths, swamp_pool4,
          infiniplex_staircase_pool, uniq_frances, uniq_kirke
Swamp:3:  layout_falls_marsh, hangedman_swamp_ruin_wall
Swamp:4:  swamp_vile, layout_basic_swamp
Snake:1:  layout_chambers, st_stairs_8
Snake:2:  layout_rooms, special_room
Snake:3:  layout_cave_town, hangedman_corner_corridor, serial_bayou_shore_a,
          minmay_shoptagon
Snake:4:  johnstein_snake_rune_scales, layout_rooms,
          portal_ice_cave_entry_ugly_swarm, st_stairs_11
Orc:1:    layout_diamond_mine, serial_shops, shop, uniq_maurice
Orc:2:    st_orc_mages, layout_caves
Depths:1: layout_cave_shapes, lemuel_crystal_altar, hell_entry, minivault_16,
          minmay_starry_boxes
Depths:2: kennysheep_cluttered_fort, layout_basic,
          pf_vacation_house_of_asmodeus, evilmike_ruin_ashenzari, serial_shops,
          nicolae_shop_crystal, kennysheep_mini, shop, shop, shop_coins,
          uniq_enchantress
Depths:3: minmay_the_grid_4x2 [minmay_the_grid_dragon_b, minmay_the_grid_x,
          minmay_the_grid_gridbox, minmay_the_grid_fan,
          minmay_the_grid_minigrid_medium, minmay_the_grid_small_cups,
          minmay_the_grid_odd_star, minmay_the_grid_prize_inner_circle],
          layout_basic, special_room [special_room_mythical_zoo], hell_entry,
          nicolae_twisting_strands, abyss_entry_flame_altar,
          rand_demon_pan_entry_1
Depths:4: minmay_nine_rooms, layout_basic, enter_ziggurat_c,
          kennysheep_cluttered_room, lightli_enter_wizlab_magi_temple,
          hangedman_coc_ice_floe, hangedman_abyss_entry_splay,
          minmay_staircase_bubble
Depths:5: grunt_twist_and_shout, layout_basic, serial_shops,
          nicolae_shop_window_shopping, abyss_entry_small_statue_room,
          hell_entry, chequers_serial_rivers_micro_d, uniq_mennas
Zot:1:    layout_gridlike, grunt_ministairs_1
Zot:2:    circus_mu, layout_basic, hangedman_hellfire_club
Zot:3:    layout_basic
Zot:4:    lemuel_halls_of_wrath, layout_gridville, grunt_megastairs_4
Zot:5:    layout_basic
Abyss:4:  due_exit_kobolds, dshaligram_kb_abyss_rune_zappy_water_cross
Abyss:5
Sewer:    sewer_kobolds
